 Dungeon Crawl Stone Soup version 0.28-a0-529-g3bad584f25 (webtiles) character file.

Game seed: 15204431011554771753

219 RBrandon the Magician (level 5, -3/45 HPs)
             Began as a Draconian Cinder Acolyte on Sept 24, 2021.
             Was a High Priest of Ignis.
             Slain by a black bear (11 damage)
             ... on level 4 of the Dungeon.
             The game lasted 00:07:06 (3583 turns).

RBrandon the Magician (Draconian Cinder Acolyte)    Turns: 3583, Time: 00:07:06

Health: -3/45      AC:  5    Str: 16    XL:     5   Next: 63%
Magic:  1/11       EV: 11    Int: 14    God:    Ignis [*****.]
Gold:   135        SH:  0    Dex:  8    Spells: 11/13 levels left

rFire   + . .      SeeInvis .   a - -1 mace (flame)
rCold   . . .      Faith    .   (no shield)
rNeg    . . .      Spirit   .   (armour unavailable)
rPois   .          Reflect  .   (helmet restricted)
rElec   .          Harm     .   (no cloak)
rCorr   .          Rampage  .   (no gloves)
Will    .....                   (no boots)
Stlth   +.........              (no amulet)
HPRegen 0.15/turn               (no ring)
MPRegen 0.12/turn               (no ring)

@: very slightly contaminated
A: AC +5, unfitting armour, cold-blooded
a: Renounce Religion, Sea of Fire, Foxfire Swarm, Rising Flame


You were on level 4 of the Dungeon.
You worshipped Ignis.
Ignis was extremely pleased with you.
You visited 1 branch of the dungeon, and saw 4 of its levels.

You collected 135 gold pieces.

Inventory:

Hand Weapons
 a - a -1 mace of flaming (weapon)
 o - a +0 dagger of draining
   (You took it off an orc on level 3 of the Dungeon)
Missiles
 d - 2 throwing nets
Jewellery
 c - a ring of positive energy
Wands
 p - a wand of flame (9)
Scrolls
 e - a scroll of fear {unknown}
 g - 5 scrolls of identify {unknown}
 i - a scroll of amnesia {unknown}
 m - a scroll of immolation
 n - 2 scrolls of teleportation {unknown}
Potions
 b - a potion of flight {unknown}
 f - a potion of magic {unknown}
 h - 2 potions of curing {unknown}
 j - 2 potions of ambrosia {unknown}
 k - a potion of berserk rage {unknown}
 l - a potion of attraction {unknown}


   Skills:
 - Level 3.2 Fighting
 - Level 3.0 Maces & Flails
 - Level 4.5 Spellcasting
 + Level 4.1 Fire Magic


You had 11 spell levels left.
You knew the following spells:

 Your Spells              Type           Power      Damage    Failure   Level
a - Scorch                Fire           28%        2d6       5%          2

Your spell library contained the following spells:

 Spells                   Type           Power      Damage    Failure   Level
 Shock                    Conj/Air       12%        1d3       19%         1
 Swiftness                Air            3%         N/A       50%         3
 Airstrike                Air            1%         N/A       88%         4


Dungeon Overview and Level Annotations

Branches:
Dungeon (4/15)
 Temple: D:4-7

Altars:
Okawaru

Shops:
D:1 =

Annotations:
D:3 1 runed translucent door, Gmanzz2004's ghost, amateur HOFi


Innate Abilities, Weirdness & Mutations

Your plain brown scales are hard. (AC +5)
You cannot fit into any form of body armour.
You are cold-blooded and may be slowed by cold attacks.


Message History

The black bear claws you but does no damage.
You miscast Scorch.
You are very lightly contaminated with residual magic.
Nothing appears to happen.
The black bear bites you. The black bear closely misses you.
The black bear claws you but does no damage.
You hit the black bear. You burn the black bear.
The black bear is almost dead.
The black bear goes berserk!
You hit the black bear. You burn the black bear.
You tail-slap the black bear, but do no damage.
The black bear is almost dead.
The black bear is no longer more vulnerable to fire.
The black bear bites you. The black bear claws you.
The black bear closely misses you.
The black bear bites you but does no damage.
The black bear barely misses you.
The black bear claws you but does no damage.
You barely miss the black bear.
The black bear is almost dead.
The black bear bites you! The black bear claws you.
The black bear barely misses you. The black bear bites you.
* * * LOW HITPOINT WARNING * * *
The black bear claws you but does no damage.
The black bear claws you.
* * * LOW HITPOINT WARNING * * *
You barely miss the black bear.
The black bear is almost dead.
The black bear closely misses you. The black bear barely misses you.
The black bear claws you.
* * * LOW HITPOINT WARNING * * *
The black bear bites you.
* * * LOW HITPOINT WARNING * * *
The black bear claws you.
* * * LOW HITPOINT WARNING * * *
The black bear misses you.
You hit the black bear. You burn the black bear.
The black bear is almost dead.
The black bear bites you!
You die...

#............# #..#
#....!.......#####.##
#..†#..........##).#
#............#....##
#.####............# #
###............#
................#
......########...###
##....#..@h##......#
#...!#...)....##..##
....>.#...).######..#
##... #.)..## ####
#....# ######


You could see a black bear (berserk).

Vanquished Creatures
  A vampire bat (D:3)
  An iguana (D:4)
  An orc wizard (D:3)
  4 adders (D:2)
  A worm (D:2)
  4 dart slugs
  10 orcs
  10 bats
  6 endoplasms
  2 giant cockroaches
  5 hobgoblins
  2 jackals (D:1)
  2 quokkas
  5 ball pythons
  2 frilled lizards (D:3)
  5 goblins
  7 kobolds
  3 rats
71 creatures vanquished.

Notes
Turn   | Place    | Note
-------+----------+-------------------------------------------
     0 | D:1      | RBrandon the Draconian Cinder Acolyte began the quest for
                  | the Orb.
     0 | D:1      | Reached XP level 1. HP: 19/19 MP: 2/2
   346 | D:1      | Reached XP level 2. HP: 26/26 MP: 3/3
   358 | D:1      | Learned a level 2 spell: Scorch
   497 | D:1      | Found Biumukug's Jewellery Shoppe.
  1161 | D:2      | Reached XP level 3. HP: 31/31 MP: 0/6
  1332 | D:2      | Found a faded altar of an unknown god.
  1567 | D:2      | Reached XP level 4. HP: 38/38 MP: 3/8
  1705 | D:2      | Found an iron altar of Okawaru.
  2601 | D:3      | Found a runed translucent door.
  2601 | D:3      | Noticed Gmanzz2004's ghost (amateur HOFi)
  3056 | D:3      | Reached XP level 5. HP: 45/45 MP: 8/11
  3494 | D:4      | Noticed a phantom
  3560 | D:4      | Noticed a black bear
  3583 | D:4      | Slain by a black bear

Illustrated notes

Levels and vault maps discovered:
D:1:      dpeg_arrival_round_b, layout_loops_ring, serial_shops,
          nicolae_shop_waterfront, minmay_liquid_box
D:2:      layout_rooms, basic_altar, shapermc_ecumenical_altar_pompeii
D:3:      layout_loops_ring, ebering_ghost_inner_flame,
          minmay_misc_feat_secret_circle, roderic_batcave, minivault_25
D:4:      layout_rooms, nemelex_xobeh_ov_fountains_minmay,
          minmay_temple_entry_overgrown, kennysheep_pointless_box,
          minmay_bisected, uniq_grinder

Skill      XL: |  1  2  3  4  5 |
---------------+----------------+-----
Spellcasting   | 2 3 4 |  4.5
Fire Magic     | 4 |  4.1
Fighting       | |  3.2
Maces & Flails | |  3.0

Action                   |  1- 3 |  4- 6 || total
-------------------------+-------+-------++-------
Melee: Mace              |    55 |    34 ||    89
       Tailslap          |     1 |     2 ||     3
 Cast: Scorch            |    15 |    47 ||    62
Armor: Skin              |    21 |    47 ||    68
Dodge: Dodged            |    35 |    68 ||   103

Table legend: (Time is in decaauts)
 A = Elapsed time spent in this place.
 B = Non-inter-level travel time spent in this place.
 C = Inter-level travel time spent in this place.
 D = Time resting spent in this place.
 E = Time spent auto-exploring this place.
 F = Levels seen in this place.
 G = Mean time per level.
                   A        B        C        D        E       F      G
               +--------+--------+--------+--------+--------+-----+--------+
         Total |   3610 |   3475 |    135 |    476 |   2428 |   4 |  902.5 |
       Dungeon |   3610 |   3475 |    135 |    476 |   2428 |   4 |  902.5 |
               +--------+--------+--------+--------+--------+-----+--------+

Top non-repeatable levels by time:
     D:3: 1224 daAuts
     D:1: 1135 daAuts
     D:2: 1062 daAuts
     D:4: 187 daAuts

Table legend:
 A = Kills in this place as a percentage of kills in entire the game.
 B = Kills by you in this place as a percentage of kills by you in the entire game.
 C = Kills by friends in this place as a percentage of kills by friends in the entire game.
 D = Other kills in this place as a percentage of other kills in the entire game.
 E = Experience gained in this place as a percentage of experience gained in the entire game.
 F = Experience gained in this place divided by the number of levels of this place that you have seen.
                   A       B       C       D       E      F
               +-------+-------+-------+-------+-------+----------------------
         Total | 100.0 | 100.0 |   N/A |   N/A | 100.0 |  78.2
       Dungeon | 100.0 | 100.0 |   N/A |   N/A | 100.0 |  78.2
               +-------+-------+-------+-------+-------+----------------------
